 Dungeon Crawl Stone Soup version 0.19-a0-14-gde87d98 (webtiles) character file.

132 Duffy the Chopper (level 5, -1/38 HPs)
             Began as a Formicid Warper on Apr 29, 2016.
             Slain by an orc
             ... wielding a +0 flail
              (5 damage)
             ... on level 3 of the Dungeon.
             The game lasted 00:02:58 (2641 turns).

Duffy the Chopper (Formicid Warper)                 Turns: 2641, Time: 00:02:58

Health: -1/38      AC:  8    Str: 16    XL:     5   Next: 38%
Magic:  8/8        EV:  7    Int: 13    God:
Gold:   137        SH:  0    Dex: 10    Spells: 1 memorised, 7 levels left

rFire  . . .     SeeInvis +     a - +0 hand axe
rCold  . . .     Gourm    .     q - +0 chain mail
rNeg   . . .     Faith    .     (no shield)
rPois  .         Spirit   .     (helmet unavailable)
rElec  .         Dismiss  .     (no cloak)
rCorr  .         Reflect  .     (no gloves)
SustAt .         Harm     .     (no boots)
MR     .....                    (no amulet)
Stlth  ..........               (no ring)
                                (no ring)

@: not resistant to hostile enchantments, extremely unstealthy
A: permanent stasis, dig shafts and tunnels, four strong arms, antennae 3
a: Dig, Shaft Self


You were on level 3 of the Dungeon.
You were very hungry.

You visited 1 branch of the dungeon, and saw 3 of its levels.

You collected 137 gold pieces.


Innate Abilities, Weirdness & Mutations

You are under a permanent stasis effect.
You can dig through walls and to a lower floor.
Your four strong arms can wield two-handed weapons with a shield.
You have a pair of large antennae on your head (SInv).


   Skills:
 - Level 2.1 Fighting
 + Level 5.2 Axes
 - Level 1.0 Throwing
 - Level 1.1 Armour
 - Level 1.7 Dodging
 - Level 2.1 Spellcasting
 - Level 2.6 Translocations


You had 7 spell levels left.
You knew the following spells:

 Your Spells              Type           Power        Failure   Level  Hunger
a - Apportation           Tloc           #.........   99%         1    ##.....

Inventory:

Hand Weapons
 a - a +0 hand axe (weapon)
Missiles
 e - 5 tomahawks of dispersal (quivered)
Armour
 b - a +0 leather armour
 h - a +0 ring mail
 o - a +0 scale mail
 q - a +0 chain mail (worn)
Wands
 y - a wand of iceblast (6/15)
Scrolls
 d - 2 scrolls of blinking
 j - 2 scrolls of random uselessness {unknown}
 l - 3 scrolls of identify {unknown}
 n - a scroll of fear {unknown}
 s - 4 scrolls of enchant armour {unknown}
 t - a scroll of magic mapping {unknown}
 v - a scroll of teleportation {unknown}
 x - a scroll of noise {unknown}
Potions
 i - a potion of cure mutation {unknown}
 p - a potion of haste {unknown}
 r - a potion of heal wounds {unknown}
 u - a potion of lignification {unknown}
 w - a potion of brilliance {unknown}
 z - a potion of flight {unknown}
Books
 c - a book of Spatial Translocations
Comestibles
 f - 2 bread rations
 g - a beef jerky
 k - a meat ration
 m - 2 slices of pizza

Dungeon Overview and Level Annotations

Branches:
Dungeon (3/15)

Altars:
Gozag
Trog
The Shining One


Message History

Your Axes skill increases to level 5!
You have reached level 5!
You barely miss the gnoll. The gnoll hits you with a halberd.
You hit the gnoll.
The gnoll is moderately wounded.
You hear a bark!
The gnoll hits you but does no damage.
You hear a bark!
You hit the gnoll.
The gnoll is severely wounded.
The gnoll hits you with a halberd!
You hit the gnoll but do no damage.
The gnoll is severely wounded.
The gnoll hits you with a halberd!
You hit the gnoll but do no damage.
The gnoll is severely wounded.
The gnoll barely misses you.
You hit the gnoll.
The gnoll is severely wounded.
Your chain mail prevents you from hitting the gnoll.
The gnoll is severely wounded.
You hear a bark!
The gnoll barely misses you.
You hear a bark!
You hit the gnoll.
You kill the gnoll!
You hear a bark! x2
You swing at nothing.
You hit the orc.
The orc is moderately wounded.
The orc hits you but does no damage.
You hit the orc but do no damage.
The orc is moderately wounded.
You hear a bark!
The orc barely misses you.
You hit the orc but do no damage.
The orc is moderately wounded.
Your chain mail prevents you from hitting the orc.
The orc is moderately wounded.
The orc hits you but does no damage.
You closely miss the orc.
The orc is moderately wounded.
The orc closely misses you.
You hit the orc.
The orc is moderately wounded.
The orc barely misses you.
You closely miss the orc.
The orc is moderately wounded.
The orc hits you with a flail.
You die...

#.####{.#~~~~~...~~~~##..#
#....h.{>#~~~~~~~~~~~###)#
#.{###.h..#.~#~~~~~.###..#
#. ##{#{.##~~.~~##.#..## #
#..### ##..(.....##
#.#{####.#########
#..##{.#.## #.##o##.## ..
##@### #.# ### #. #.


You could see an orc.

Action                   |  1- 3 |  4- 6 || total
-------------------------+-------+-------++-------
Melee: Hand axe          |   137 |   100 ||   237
 Abil: Dig               |       |     2 ||     2
  Eat: Chunk             |     3 |     2 ||     5
Armor: Ring mail         |     5 |       ||     5
       Chain mail        |    92 |    53 ||   145
       Scale mail        |     4 |       ||     4
Dodge: Dodged            |    68 |    35 ||   103

Notes
Turn   | Place    | Note
--------------------------------------------------------------
     0 | D:1      | Duffy the Formicid Warper began the quest for the Orb.
     0 | D:1      | Reached XP level 1. HP: 16/16 MP: 3/3
   284 | D:1      | Reached XP level 2. HP: 18/22 MP: 5/5
   788 | D:2      | Reached skill level 3 in Axes
   792 | D:2      | Reached XP level 3. HP: 24/27 MP: 6/6
  1091 | D:2      | Found an opulent altar of Gozag.
  1104 | D:2      | Found a glowing golden altar of the Shining One.
  1827 | D:2      | Reached skill level 4 in Axes
  1827 | D:2      | Reached XP level 4. HP: 7/33 MP: 7/7
  2153 | D:3      | Found a bloodstained altar of Trog.
  2625 | D:3      | Reached skill level 5 in Axes
  2625 | D:3      | Reached XP level 5. HP: 23/38 MP: 8/8
  2641 | D:3      | Slain by an orc

Skill      XL: |  1  2  3  4 |
---------------+-------------+-----
Axes           | 3 4 5 |  5.2
Fighting       | |  2.1
Throwing       | |  1.0
Armour         | |  1.1
Dodging        | |  1.7
Spellcasting   | |  2.1
Translocations | |  2.6

Vault maps used:
D:1:      lemuel_arrival_room
D:2:      lemuel_doored_altar, first_bread, lemuel_statue_altar
D:3:      kennysheep_slugbush, marbit_many_paths, bloody_trog

Vanquished Creatures
  An orc wizard
  A gnoll
  3 adders
  A worm
  9 dart slugs
  A giant gecko
  An orc
  3 giant cockroaches
  6 hobgoblins
  A jackal
  6 bats
  4 goblins
  4 kobolds
  6 rats
47 creatures vanquished.
